AoeStats
← Deffgrippa

Enclosed

506916280Analyzed
1v1 RM · 16d ago on Sep 15, 2026· 40m 52s· 2 players
Game mode
Random Map
Map size
Tiny (2 player)
Population
200
Speed
Normal
Resources
Standard
Victory
Conquest
Starting age
Dark Age
Ending age
Imperial Age
RankedLock teamsTeams togetherTeam positionsShared explorationLock speedFull tech treeHidden civsTurbo modeCheats
Victory
Defeat
🇧🇦 Goths · Bosnia & Herzegovina
927
+16
🇦🇺 Goths · Australia
931
-16
Extremeborg
9:50 Loom
12:32 Feudal Age
12:44 Feudal Age
14:30 Gold Mining
14:16 Man-at-Arms
17:51 Castle Age
17:41 Double-Bit Axe
19:05 Wheelbarrow
21:53 Horse Collar
24:46 Heavy Plow
28:12 Bow Saw
27:42 Long Swordsman
29:06 Squires
32:52 Imperial Age
31:20 Scale Mail Armor
31:30 Forging
31:21 Padded Archer Armor
31:12 Fletching
31:55 Hand Cart
32:59 Ballistics
32:29 Town Watch
33:57 Conscription
33:39 Perfusion
34:43 Chemistry
33:54 Masonry
34:03 Leather Archer Armor
34:05 Chain Mail Armor
34:26 Iron Casting
34:09 Two-Handed Swordsman
36:55 Architecture
36:11 Champion
37:17 Town Patrol
39:56 Blast Furnace
38:59 Bodkin Arrow
39:34 Ring Archer Armor
40:47 Two-Man Saw
40:18 Crop Rotation
Deffgrippa
2:11 Loom
12:40 Feudal Age
12:44 Man-at-Arms
13:26 Horse Collar
13:33 Double-Bit Axe
15:08 Forging
20:59 Castle Age
20:27 Gold Mining
21:05 Long Swordsman
22:40 Bow Saw
23:04 Stone Mining
23:56 Heavy Plow
24:05 Scale Mail Armor
29:11 Wheelbarrow
31:47 Fletching
32:34 Squires
33:16 Ballistics
35:43 Imperial Age
37:26 Chemistry
37:27 Conscription
37:57 Murder Holes
38:21 Hand Cart
39:16 Perfusion
39:35 Padded Archer Armor
Connection lost

Rejoining the realm…

Still unreachable

The connection could not be restored.

Session expired

The server has moved on; the page needs a fresh start.